 Dungeon Crawl Stone Soup version 0.27-a0-1291-geefcff550b (webtiles) character file.

Game seed: 10652040022590201684

3496 HilariousDeathArtist the Covert (level 9, -1/108 HPs)
             Began as a Vampire Berserker on June 15, 2021.
             Was an Elder of Trog.
             Slain by a sixfirhy (10 damage)
             ... led by a cacodemon
             ... on level 2 of the Abyss.
             The game lasted 00:11:56 (8346 turns).

HilariousDeathArtist the Covert (Vampire Berserker) Turns: 8346, Time: 00:11:57

Health: -1/108     AC: 24    Str: 16    XL:     9   Next: 80%
Magic:  9/9        EV:  2    Int: 15    God:    Trog [****..]
Gold:   629        SH:  5    Dex: 17    Spells: 8/8 levels left

rFire    . . .     SeeInvis +   d - +3 short sword
rCold    . . .     Faith    .   D - +0 buckler
rNeg     + + +     Spirit   .   (armour currently unavailable)
rPois    +         Reflect  .   (helmet currently unavailable)
rElec    .         Harm     .   (cloak currently unavailable)
rCorr    .         Rampage  .   (gloves currently unavailable)
Will     .....     Clarity  +   (boots currently unavailable) Stlth +++++.....NoTele +
                                A - amulet of magic regeneration
HPRegen  0.48/turn              I - +6 ring of intelligence
MPRegen  0.36/turn              Z - ring of wizardry {Wiz+, !d}

@: mighty, tree-form, on berserk cooldown, healing quickly, slowed, very slow
A: stationary, stasis, torment immunity, boosted hp, alive, (fangs 3), see
invisible, vampiric 2, clarity, subdued magic 1
a: Exsanguinate, Renounce Religion, Berserk, Trog's Hand, Brothers in Arms


You were on level 2 of the Abyss.
You worshipped Trog.
Trog was greatly pleased with you.
You were a tree.
You visited 1 branch of the dungeon, and saw 8 of its levels.
You visited the Abyss 1 time.

You collected 629 gold pieces.

Inventory:

Hand Weapons
 a - a +0 falchion
 d - a +3 short sword (weapon)
   (You took it off a kobold on level 1 of the Dungeon)
 g - a +0 fustibalus
   (You found it on level 7 of the Dungeon)
 m - a +2 spectral quarterstaff
   (You took it off Joseph on level 8 of the Dungeon)
 n - a +1 dagger of speed
   (You took it off a goblin on level 2 of the Dungeon)
Missiles
 b - 90 sling bullets
 c - 6 javelins
 p - 36 poisoned darts
 s - 154 stones
 t - 151 arrows
 z - 43 bolts
 F - a throwing net {!d}
Armour
 f - a +1 pair of gloves (melded)
   (You found it on level 1 of the Dungeon)
 j - a +0 troll leather armour (melded)
   (You found it on level 7 of the Dungeon)
 k - a +1 leather armour of poison resistance
   (You found it on level 5 of the Dungeon)
 o - a +0 pair of boots (melded)
   (You found it on level 5 of the Dungeon)
 v - a +2 ring mail of poison resistance
   (You took it off Joseph on level 8 of the Dungeon)
 D - a +0 buckler (worn)
   (You found it on level 4 of the Dungeon)
Jewellery
 A - an amulet of magic regeneration (around neck)
   (You found it on level 3 of the Dungeon)
 I - a +6 ring of intelligence (left branch)
   (You found it on level 6 of the Dungeon)
 Z - a ring of wizardry (right branch) {Wiz+, !d}
   (You found it on level 6 of the Dungeon)
Wands
 e - a wand of charming (18)
   (You found it on level 3 of the Dungeon)
 h - a wand of acid (8)
   (You found it on level 4 of the Dungeon)
 i - a wand of iceblast (19)
   (You took it off Ijyb on level 3 of the Dungeon)
 q - a wand of flame (16)
   (You found it on level 1 of the Abyss)
Scrolls
 y - a scroll of identify {@r1}
 O - a scroll of silence
 V - a scroll of vulnerability {!r!r}
 X - 2 scrolls of magic mapping {@r4!r}
 Y - 2 scrolls of teleportation {@r3}
Potions
 l - a potion of cancellation
 u - 2 potions of attraction {!q}
 x - a potion of invisibility {unknown}
 G - 2 potions of ambrosia {!q}
 H - 2 potions of haste
 J - a potion of curing {@q1}
 M - a potion of magic
 N - a potion of heal wounds {@q2}
 P - a potion of lignification
 T - a potion of berserk rage {!q}
 U - 3 potions of mutation {!q}


   Skills:
 + Level 7.4 Fighting
 - Level 3.0 Long Blades
 - Level 1.5 Armour
 + Level 8.4 Dodging
 + Level 11.3 Stealth
 - Level 4.0 Shields
 + Level 2.3 Evocations


You had 8 spell levels left.
You didn't know any spells.
Your spell library was empty.

Dungeon Overview and Level Annotations

Branches:
Dungeon (8/15)             Temple (0/1) D:4
   Lair: D:8-11

Altars:
Nemelex Xobeh
Okawaru
Uskayaw
Yredelemnul
The Shining One

Shops:
D:1 :   D:4 (

Portals:
Abyss: D:8

Annotations:
D:8 1 transporter, Patoropollo's ghost, novice OgBe


Innate Abilities, Weirdness & Mutations

You are a tree.
Your roots penetrate the ground, keeping you stationary.
You cannot be teleported.
You are immune to unholy pain and torment.
Your maximum health is greatly increased.
Your equipment is partially melded.
Your natural rate of healing is accelerated.
((You have razor-sharp teeth.))
You have supernaturally acute eyesight. (SInv)
You are afflicted with vampirism and can become a bat while bloodless.
You possess an exceptional clarity of mind.
Your spells are a little easier to cast, but a little less powerful.


Message History

You now have 71/108 hp.
Unknown command.
It was a potion of mutation.
You feel extremely strange.
Your thoughts seem clearer.
Your connection to magic feels subdued.
U - 3 potions of mutation You block the sixfirhy's attack.
The sixfirhy hits you but does no damage. x3
The thrashing horror tramples you but does no damage.
The thrashing horror tramples you.
It was a potion of magic.
Magic courses through your body.
M - a potion of magic The thrashing horror tramples you but does no damage.
The thrashing horror tramples you.
The thrashing horror tramples you but does no damage. x2
You take 2 damage, and have 69/108 hp.
It was a potion of might.
You feel very mighty all of a sudden. You block the sixfirhy's attack.
The sixfirhy hits you but does no damage.
The thrashing horror tramples you but does no damage. x2
The sixfirhy hits you but does no damage.
The thrashing horror tramples you.
The thrashing horror tramples you but does no damage.
The sixfirhy hits you but does no damage.
You take 2 damage, and have 67/108 hp.
You hit the thrashing horror. The sixfirhy hits you! The sixfirhy shocks you!
The sixfirhy hits you but does no damage. x2
The thrashing horror tramples you but does no damage. x2
The sixfirhy hits you but does no damage.
The thrashing horror tramples you.
You block the thrashing horror's attack.
The thrashing horror tramples you!
The thrashing horror tramples you but does no damage.
You take 32 damage, and have 35/108 hp.
MASSIVE DAMAGE!!
Your ogre goes berserk!
The thrashing horror tramples you but does no damage. x2
The thrashing horror tramples your ogre!
Your ogre holds its ground!
The thrashing horror tramples your ogre!
Your ogre holds its ground!
The thrashing horror completely misses you.
The thrashing horror tramples you but does no damage.
You feel much better.
The sixfirhy hits you but does no damage.
The thrashing horror tramples you but does no damage. x2
The sixfirhy hits you but does no damage. x2
The thrashing horror tramples you but does no damage. x2
Your ogre closely misses the thrashing horror.
The sixfirhy hits you but does no damage.
The thrashing horror tramples you but does no damage. x2
The sixfirhy hits you but does no damage.
Your ogre closely misses the thrashing horror.
You regained 19 hp, and now have 55/108 hp.
You puncture the thrashing horror!
The sixfirhy hits you but does no damage. x2
The thrashing horror tramples you but does no damage. x2
The sixfirhy hits you but does no damage.
The thrashing horror tramples you but does no damage.
You block the thrashing horror's attack.
The thrashing horror tramples you but does no damage. x2
The thrashing horror tramples you.
The thrashing horror tramples you but does no damage.
The thrashing horror tramples you. x2
Your ogre hits the thrashing horror with a +0 giant club!!
The thrashing horror tramples your ogre!
Your ogre stumbles backwards!
You take 11 damage, and have 44/108 hp.
You hit the thrashing horror.
The thrashing horror churns violently!
The thrashing horror seems to grow stronger.
The thrashing horror tramples you.
The thrashing horror tramples you but does no damage.
The thrashing horror tramples you! The thrashing horror tramples you.
* * * LOW HITPOINT WARNING * * *
Your ogre barely misses the thrashing horror.
The thrashing horror tramples your ogre!
Your ogre stumbles backwards!
Your ogre dies!
Your ogre's corpse disappears in a puff of smoke!
You hear a roar!
You take 15 damage, and have 29/108 hp.
Okay, then.
Your polar bear goes berserk!
The sixfirhy hits you but does no damage. x3
The thrashing horror barely misses your polar bear.
The thrashing horror tramples your polar bear but does no damage.
The sixfirhy hits you.
* * * LOW HITPOINT WARNING * * *
The sixfirhy shocks you!
* * * LOW HITPOINT WARNING * * *
The thrashing horror tramples you but does no damage. x2
The thrashing horror tramples you.
* * * LOW HITPOINT WARNING * * *
The thrashing horror tramples you.
* * * LOW HITPOINT WARNING * * *
The sixfirhy hits you.
* * * LOW HITPOINT WARNING * * *
The sixfirhy shocks you!
You die...

#....... .# . . .
### # #.. .## # .. .
# ...##.... ##.#...
.. . # ..#..
.###.#..## . #.
#....##..#)#.##.# .
..
#......#.........#.#
.# ... . .h.........
.. #...###.#X...#.#
. . ###. .#.♣##.#. .
..##3X#. #.
####J#.### . # .
...#.# # #... ##
.#$##. ... .. .## ..


You could see 2 thrashing horrors, a sixfirhy, a jelly and a friendly polar bear
(summoned, berserk).

Vanquished Creatures
  Joseph (D:8)
  A troll (D:7)
  The ghost of greynaab the Chopper, an amateur HuBe of Trog (D:4)
  Sigmund (D:4)
  Menkaure (D:5)
  A water moccasin (D:7)
  3 black bears
  An ice beast (D:6)
  2 ogres
  A necrophage (D:8)
  2 centaurs (D:7)
  2 phantoms
  3 bullfrogs
  3 wyvern zombies
  2 scorpions
  A bullfrog zombie (D:6)
  2 centaur zombies
  An orc priest (D:7)
  3 jellies
  6 hounds
  4 centaur skeletons (D:7)
  Jessica (D:3)
  Ijyb (D:3)
  Terence (D:3)
  4 iguanas
  5 orc wizards
  A howler monkey zombie (D:8)
  4 adders
  A howler monkey skeleton (D:7)
  A shadow imp (D:6)
  A white imp (D:6)
  An ufetubus (D:4)
  2 worms
  8 dart slugs
  12 orcs
  8 ball pythons
  5 endoplasms
  6 giant cockroaches
  9 goblins
  8 hobgoblins
  4 jackals (D:1)
  8 quokkas
  5 bats
  8 frilled lizards
  8 kobolds
  7 rats
161 creatures vanquished.

Notes
Turn   | Place    | Note
-------+----------+-------------------------------------------
     0 | D:1      | HilariousDeathArtist the Vampire Berserker began the quest
                  | for the Orb.
     0 | D:1      | Reached XP level 1. HP: 17/17 MP: 1/1
   100 | D:1      | Reached skill level 1 in Stealth
   152 | D:1      | Reached XP level 2. HP: 23/23 MP: 2/2
   221 | D:1      | Reached skill level 3 in Fighting
   287 | D:1      | Reached skill level 2 in Stealth
   390 | D:1      | Reached ** piety under Trog
   396 | D:1      | Gained mutation: You are afflicted with vampirism and can
                  | become a bat while bloodless. [Vampire growth]
   396 | D:1      | Reached XP level 3. HP: 26/29 MP: 3/3
   486 | D:1      | Found Vutub's Book Emporium.
   513 | D:1      | Reached skill level 3 in Dodging
   902 | D:2      | Reached skill level 3 in Stealth
  1123 | D:2      | Reached XP level 4. HP: 24/35 MP: 4/4
  1577 | D:3      | Noticed Ijyb
  1618 | D:3      | Reached *** piety under Trog
  1736 | D:3      | Noticed Jessica
  1749 | D:3      | Killed Jessica
  1750 | D:3      | Reached skill level 4 in Stealth
  2157 | D:3      | Killed Ijyb
  2158 | D:3      | Reached XP level 5. HP: 42/42 MP: 5/5
  2248 | D:3      | Noticed Terence
  2259 | D:3      | Killed Terence
  2325 | D:3      | Reached skill level 4 in Dodging
  2416 | D:4      | Found a staircase to the Ecumenical Temple.
  2472 | D:4      | Noticed greynaab's ghost (amateur HuBe)
  2476 | D:4      | Found a runed translucent door.
  2476 | D:4      | Found a basalt altar of Yredelemnul.
  2483 | D:4      | Found an iron altar of Okawaru.
  2483 | D:4      | Found a sparkling altar of Nemelex Xobeh.
  2490 | D:4      | Reached skill level 4 in Fighting
  2503 | D:4      | Reached skill level 5 in Stealth
  2605 | D:4      | Noticed Sigmund
  2618 | D:4      | Killed Sigmund
  2619 | D:4      | Reached skill level 1 in Shields
  2619 | D:4      | Reached XP level 6. HP: 49/49 MP: 6/6
  2673 | D:4      | Found Lanolokk's Weapon Boutique.
  2979 | D:4      | Reached skill level 6 in Stealth
  2979 | D:4      | Reached XP level 7. HP: 28/55 MP: 7/7
  3396 | D:4      | Killed greynaab's ghost
  3397 | D:4      | Reached skill level 5 in Dodging
  3397 | D:4      | Reached skill level 2 in Shields
  3453 | D:5      | Entered Level 5 of the Dungeon
  3646 | D:5      | Reached **** piety under Trog
  3725 | D:5      | Reached skill level 5 in Fighting
  3725 | D:5      | Reached skill level 7 in Stealth
  3752 | D:5      | Noticed Menkaure
  3766 | D:5      | Reached skill level 3 in Shields
  3768 | D:5      | Killed Menkaure
  3769 | D:5      | Reached XP level 8. HP: 62/62 MP: 8/8
  3896 | D:5      | Reached skill level 6 in Dodging
  4300 | D:5      | Reached skill level 8 in Stealth
  5206 | D:6      | Reached skill level 4 in Shields
  5328 | D:6      | Reached skill level 6 in Fighting
  5328 | D:6      | Reached skill level 9 in Stealth
  5800 | D:6      | Found a hide-covered altar of Uskayaw.
  6028 | D:6      | Reached skill level 7 in Dodging
  6118 | D:7      | Reached XP level 9. HP: 70/70 MP: 9/9
  6748 | D:7      | Reached skill level 10 in Stealth
  6929 | D:7      | Noticed a troll
  7147 | D:7      | Killed a troll
  7148 | D:7      | Reached skill level 7 in Fighting
  7148 | D:7      | Reached skill level 8 in Dodging
  7148 | D:7      | Reached skill level 1 in Evocations
  7430 | D:8      | Reached skill level 11 in Stealth
  7479 | D:8      | Noticed Joseph
  7619 | D:8      | Found a transporter.
  7640 | D:8      | Found a one-way gate to the infinite horrors of the Abyss.
  7640 | D:8      | Noticed Patoropollo's ghost (novice OgBe)
  7700 | D:8      | Found a transporter.
  8132 | D:8      | Killed Joseph
  8133 | D:8      | Reached skill level 2 in Evocations
  8186 | D:8      | Cast into level 1 of the Abyss (orc warrior)
  8235 | Abyss:1  | Noticed a worldbinder
  8237 | Abyss:1  | Noticed a large abomination
  8250 | Abyss:1  | Noticed a jumping spider
  8289 | Abyss:2  | Noticed a wretched star
  8301 | Abyss:2  | Noticed a death drake
  8328 | Abyss:2  | Noticed a thrashing horror
  8328 | Abyss:2  | Noticed a sixfirhy
  8330 | Abyss:2  | Noticed a sixfirhy
  8334 | Abyss:2  | Noticed a thrashing horror
  8338 | Abyss:2  | Gained mutation: You possess an exceptional clarity of
                  | mind. [potion of mutation]
  8338 | Abyss:2  | Gained mutation: Your spells are a little easier to cast,
                  | but a little less powerful. [potion of mutation]
  8346 | Abyss:2  | HP: 19/108 [sixfirhy[a cacodemon] (9)]
  8346 | Abyss:2  | HP: 9/108 [sixfirhy[a cacodemon] (1)]
  8346 | Abyss:2  | Slain by a sixfirhy

Illustrated notes

Levels and vault maps discovered:
D:1:      nzn_arrival_crosshair, layout_rooms, serial_shops, shop
D:2:      layout_rooms
D:3:      minmay_diamond_boxcup, layout_basic, kennysheep_jessica_study,
          uniq_terence, uniq_ijyb
D:4:      layout_loops_ring, grunt_temple_overflow_open, temple_doors_e,
          serial_shops, shop, hellmonk_ghost_happy_afterlife,
          kennysheep_small_circle, uniq_sigmund
D:5:      layout_basic, uniq_menkaure
D:6:      layout_basic, overflow_temple_1_default, nicolae_benzene_ring,
          hangedman_decor_lopped
D:7:      layout_basic, grunt_ministairs_5, minmay_circle_x
D:8:      layout_loops_cross, gammafunk_ghost_abyssal_escape, uniq_joseph
Abyss:2:  base:
D:2

Skill      XL: |  1  2  3  4  5  6  7  8  9 |
---------------+----------------------------+-----
Stealth        | 1 2 3 4 5 6 7 9 11 | 11.3
Fighting       | 3 4 5 6 7 |  7.4
Dodging        | 3 4 5 7 8 |  8.4
Shields        | 1 3 4 |  4.0
Evocations     | 2 |  2.3
Long Blades    | |  3.0
Armour         | |  1.5

Action                   |  1- 3 |  4- 6 |  7- 9 || total
-------------------------+-------+-------+-------++-------
Melee: Short sword       |   109 |   156 |   374 ||   639
       Falchion          |     7 |       |       ||     7
       Bite              |    10 |    20 |    57 ||    87
Throw: Stone             |    60 |    35 |       ||    95
Invok: Berserk           |     1 |     4 |     6 ||    11
       Brothers in Arms  |       |       |     2 ||     2
  Use: Potion            |       |     5 |     6 ||    11
       Scroll            |       |       |    17 ||    17
 Stab: Sleeping          |     4 |     1 |    18 ||    23
Armor: Animal skin       |    23 |     9 |       ||    32
       Chain mail        |       |    69 |    28 ||    97
       Leather armour    |       |       |    64 ||    64
       Skin              |       |       |    52 ||    52
       Troll leather arm |       |       |     5 ||     5
Dodge: Dodged            |    68 |    73 |   246 ||   387
Block: Buckler           |       |    20 |   112 ||   132
       Rpst.: Falchion   |     1 |       |       ||     1

Table legend: (Time is in decaauts)
 A = Elapsed time spent in this place.
 B = Non-inter-level travel time spent in this place.
 C = Inter-level travel time spent in this place.
 D = Time resting spent in this place.
 E = Time spent auto-exploring this place.
 F = Levels seen in this place.
 G = Mean time per level.
                   A        B        C        D        E       F      G
               +--------+--------+--------+--------+--------+-----+--------+
         Total |   8456 |   8149 |    307 |   1133 |   5416 |  10 |  845.6 |
       Dungeon |   8293 |   7986 |    307 |   1133 |   5416 |   8 | 1036.6 |
         Abyss |    163 |    163 |      0 |      0 |      0 |   2 |   81.5 |
               +--------+--------+--------+--------+--------+-----+--------+

Top non-repeatable levels by time:
     D:7: 1276 daAuts
     D:5: 1273 daAuts
     D:4: 1256 daAuts
     D:6: 1215 daAuts
     D:3: 1012 daAuts
     D:8: 857 daAuts
     D:2: 738 daAuts
     D:1: 663 daAuts
 Abyss:1: 92 daAuts
 Abyss:2: 70 daAuts

Table legend:
 A = Kills in this place as a percentage of kills in entire the game.
 B = Kills by you in this place as a percentage of kills by you in the entire game.
 C = Kills by friends in this place as a percentage of kills by friends in the entire game.
 D = Other kills in this place as a percentage of other kills in the entire game.
 E = Experience gained in this place as a percentage of experience gained in the entire game.
 F = Experience gained in this place divided by the number of levels of this place that you have seen.
                   A       B       C       D       E      F
               +-------+-------+-------+-------+-------+----------------------
         Total | 100.0 | 100.0 |   N/A |   N/A | 100.0 | 499.5
       Dungeon | 100.0 | 100.0 |   N/A |   N/A | 100.0 | 624.4
               +-------+-------+-------+-------+-------+----------------------
